 Dungeon Crawl Stone Soup version 0.25.1-2-g60ff931 (webtiles) character file.

Game seed: 13944818740257931314

163 Chrisjfl the Cudgeler (level 5, -7/30 HPs)
             Began as a Tengu Gladiator on Sept 13, 2020.
             Killed by nerve-wracking pain
             ... invoked by an orc priest
              (14 damage)
             ... on level 3 of the Dungeon.
             The game lasted 00:05:13 (3890 turns).

Chrisjfl the Cudgeler (Tengu Gladiator)             Turns: 3890, Time: 00:05:14

Health: -7/30      AC:  8    Str: 16    XL:     5   Next: 44%
Magic:  5/5        EV: 14    Int:  8    God:
Gold:   181        SH:  0    Dex: 15    Spells: 4/4 levels left

rFire    . . .     SeeInvis .   a - +0 flail
rCold    . . .     Gourm    .   (no shield)
rNeg     . . .     Faith    .   q - +0 ring mail
rPois    .         Spirit   .   c - +0 hat
rElec    .         Reflect  .   g - +0 cloak
rCorr    .         Harm     .   (no gloves)
MR       .....                  (boots unavailable)
Stlth    +.........             (no amulet)
HPRegen  0.10/turn              (no ring)
MPRegen  0.09/turn              (no ring)

@: flying quickly and evasively, quick
A: beak, talons 3, icy blue scales 1, low mp 1, evolution 1, able to fly
a: Stop Flying


You were on level 3 of the Dungeon.
You were not hungry.

You visited 1 branch of the dungeon, and saw 3 of its levels.

You collected 181 gold pieces.

Inventory:

Hand Weapons
 a - a +0 flail (weapon)
Missiles
 d - 4 throwing nets
 e - 19 stones
 k - 10 boomerangs (quivered)
Armour
 c - a +0 hat (worn)
 g - a +0 cloak (worn)
 q - a +0 ring mail (worn)
Wands
 r - a wand of digging (3)
Scrolls
 m - 3 scrolls of identify {unknown}
 n - a scroll of noise {unknown}
 p - 2 scrolls of teleportation {unknown}
 t - a scroll of enchant weapon {unknown}
Potions
 j - 2 potions of curing
 l - a potion of mutation
 o - a potion of degeneration {unknown}
Comestibles
 b - a chunk of flesh
 f - 9 rations


   Skills:
 - Level 2.0 Fighting
 + Level 6.5 Maces & Flails
 - Level 2.0 Throwing
 - Level 3.2 Dodging


You had 4 spell levels left.
You didn't know any spells.
Your spell library was empty.

Dungeon Overview and Level Annotations

Branches:
Dungeon (3/15)

Altars:
Nemelex Xobeh
Sif Muna


Innate Abilities, Weirdness & Mutations

You have a beak for a mouth.
You have claws for feet.
You can fly continuously.
You are partially covered in icy blue scales. (AC +2)
Your magical capacity is low. (-10% MP)
You evolve.


Message History

There is a stone staircase leading up here.
You see here a +0 dagger.
There is a stone staircase leading up here.
m - 3 scrolls labeled CIALEM MIPRU (gained 1)
You now have 181 gold pieces (gained 10).
Items here: )) [ รท a +0 robe; a +0 dagger; a +0 club; an orc skeleton The orc priest is too close now for your liking.
The orc shouts!
The orc priest calls down the wrath of Beogh upon you.
Beogh smites you!
Ouch! That really hurt!
The orc shouts!
You hear a shout!
The orc priest calls down the wrath of Beogh upon you.
Pain shoots through your body!
* * * LOW HITPOINT WARNING * * *
The orc priest mumbles some strange prayers to Beogh against you.
Pain shoots through your body!
You die...

..#.......#.#....##<.............
............####.##..............
#...........^.....#.......##....
.............###.....###### ###
..............##.....#
...............##....#
.....................#
.................#..>#
....#.....###.<[@.)..##
....###...# ##.....o..#
..#####.### #............
........# #......###oo..
###.##### ###.#### ..... #
#.......# #.# .... # #######..
... ... # ###.# ..( # #


You could see an orc priest and an orc.

Vanquished Creatures
  An orc priest (D:3)
  An orc wizard (D:3)
  5 adders
  An ooze (D:3)
  A worm (D:2)
  2 dart slugs (D:2)
  2 leopard geckos
  5 orcs
  2 giant cockroaches
  8 goblins
  4 hobgoblins
  2 jackals (D:2)
  4 bats
  5 frilled lizards
  4 kobolds
  7 rats
54 creatures vanquished.

Notes
Turn   | Place    | Note
-------+----------+-------------------------------------------
     0 | D:1      | Chrisjfl the Tengu Gladiator began the quest for the Orb.
     0 | D:1      | Reached XP level 1. HP: 12/12 MP: 2/2
   478 | D:1      | Reached XP level 2. HP: 7/17 MP: 3/3
   679 | D:1      | Reached skill level 4 in Maces & Flails
  1378 | D:2      | Reached XP level 3. HP: 19/21 MP: 4/4
  1578 | D:2      | Reached skill level 5 in Maces & Flails
  1994 | D:2      | Found a sparkling altar of Nemelex Xobeh.
  1995 | D:2      | Found a shimmering blue altar of Sif Muna.
  2129 | D:2      | Reached XP level 4. HP: 26/26 MP: 5/5
  2700 | D:2      | Gained mutation: You are partially covered in icy blue
                  | scales. (AC +2) [potion of mutation]
  2700 | D:2      | Gained mutation: Your magical capacity is low. (-10% MP)
                  | [potion of mutation]
  2700 | D:2      | Gained mutation: You evolve. [potion of mutation]
  2840 | D:3      | Reached skill level 6 in Maces & Flails
  2910 | D:3      | Gained mutation: You can fly continuously. [Tengu growth]
  2910 | D:3      | Reached XP level 5. HP: 30/30 MP: 5/5
  3890 | D:3      | Killed from afar by an orc priest

Illustrated notes

Levels and vault maps discovered:
D:1:      nzn_arrival_water_spiral, layout_loops_corners
D:2:      layout_basic, gammafunk_temple_overflow_pools
D:3:      layout_rooms, minmay_fractal_squares_5

Skill      XL: |  1  2  3  4 |
---------------+-------------+-----
Maces & Flails | 4 5 6 |  6.5
Fighting       | |  2.0
Throwing       | |  2.0
Dodging        | |  3.2

Action                   |  1- 3 |  4- 6 || total
-------------------------+-------+-------++-------
Melee: Flail             |    69 |    59 ||   128
       Kick              |    12 |    15 ||    27
       Peck              |     9 |     9 ||    18
Throw: Boomerang         |     1 |       ||     1
 Abil: Fly               |       |     1 ||     1
  Use: Potion            |     1 |     3 ||     4
       Scroll            |       |     2 ||     2
 Stab: Sleeping          |     1 |       ||     1
  Eat: Chunk             |     3 |     6 ||     9
Armor: Leather armour    |    13 |       ||    13
       Ring mail         |       |    30 ||    30
Dodge: Dodged            |    41 |    46 ||    87
